 Dungeon Crawl Stone Soup version 0.21.1-1-g345015f (webtiles) character file.

264 Mgcat the Sneak (level 6, 0/63 HPs)
             Began as an Octopode Transmuter on Mar 23, 2018.
             Slain by a jackal (2 damage)
             ... on level 2 of the Dungeon.
             The game lasted 00:11:26 (1971 turns).

Mgcat the Sneak (Octopode Transmuter)               Turns: 1971, Time: 00:11:27

Health: 0/63       AC:  1    Str: 16    XL:     6   Next: 19%
Magic:  7/9        EV: 13    Int: 16    God:
Gold:   58         SH:  0    Dex: 12    Spells: 3/9 levels left

rFire    + . .     SeeInvis .     - Unarmed
rCold    + . .     Gourm    .   (no shield)
rNeg     . . .     Faith    .   (helmet restricted)
rPois    +         Spirit   .   e - amulet of rage {+Rage, !d}
rElec    +         Reflect  .   (no ring)
rCorr    +         Harm     .   (no ring)
MR       .....                  (no ring)
Stlth    ..........             (no ring)
HPRegen  0.20/turn              (no ring)
MPRegen  0.11/turn              (no ring)
                                (no ring)
                                (no ring)

@: berserking, lethally poisoned (0 -> -2), appendage (expiring), resistant,
very quick
A: almost no armour, stealthy swim, amphibious, 8 rings, constrict 8, tentacle
spike 3, camouflage 1, gelatinous body 1
a: End Transformation, Evoke Berserk Rage


You were on level 2 of the Dungeon.
You were not hungry.
One of your tentacles had a temporary spike.
You visited 1 branch of the dungeon, and saw 3 of its levels.

You collected 58 gold pieces.

Inventory:

Missiles
 a - 58 arrows
Jewellery
 e - an amulet of rage (around mantle) {+Rage, !d}
   (You found it on level 1 of the Dungeon)
Scrolls
 d - 2 scrolls of immolation {unknown}
 i - a scroll of remove curse {unknown}
 j - 2 scrolls of enchant armour {unknown}
 k - a scroll of teleportation {unknown}
Potions
 g - a potion of resistance
Books
 b - a book of Changes
Comestibles
 c - 5 rations


   Skills:
 + Level 3.4 Fighting
 - Level 2.0 Dodging
 + Level 4.7 Stealth
 + Level 4.5 Unarmed Combat
 - Level 2.0 Spellcasting
 - Level 2.0 Transmutations


You had 3 spell levels left.
You knew the following spells:

 Your Spells              Type           Power        Failure   Level  Hunger
a - Beastly Appendage     Tmut           #.....       9%          1    #......
b - Sticks to Snakes      Tmut           #.......     14%         2    ###....
c - Spider Form           Tmut/Pois      #.........   38%         3    ###....


Dungeon Overview and Level Annotations

Branches:
Dungeon (3/15)

Altars:
Qazlal


Innate Abilities, Weirdness & Mutations

You cannot wear most types of armour.
You are very stealthy in the water. (Stealth+)
You are amphibious.
You can wear up to eight rings at the same time.
You can use your tentacles to constrict eight enemies at once.
Your skin changes colour to match your surroundings (Stealth+).
Your rubbery body absorbs attacks. (AC +1, EV +1)
One of your tentacles bears a large vicious spike.


Message History

Done exploring.
Done exploring.
Done exploring.
Done exploring.
Done exploring.
Done exploring.
Done exploring.
Search for what [? for help]? ego || artefact Can't find anything matching that.
(D) Dungeon
Where to? (Enter - D:2, ? - help)
What level of the Dungeon? (default 1, ? - help)
Okay, then.
Unknown command.
Unknown command.
(D) Dungeon
Where to? (Enter - D:2, ? - help)
What level of the Dungeon? (default 1, ? - help) Some of the chunks of flesh in your inventory have rotted away.
All of the chunks of flesh in your inventory have rotted away.
There is a stone staircase leading down here.
You climb downwards. 2 adders, 3 jackals and a bullfrog come into view.
There is a stone staircase leading up here.
Casting: Beastly Appendage
Confirm with . or Enter, or press ? or * to list all spells.
You create a snake!
You now have 58 arrows.
The adder hisses angrily.
The jackal barks!
The jackal barely misses you. The adder completely misses you.
The jackal barks!
The adder hisses angrily.
The jackal barely misses your ball python.
The jackal barely misses you. The adder closely misses you.
Your ball python bites the jackal.
Your ball python grabs the jackal.
Your ball python constricts the jackal.
You miss the adder. Your grab misses the adder. Your squeeze misses the adder.
The jackal bites you. The jackal bites your ball python.
Your ball python dies!
The adder closely misses you. x2
Casting: Sticks to Snakes
Confirm with . or Enter, or press ? or * to list all spells.
One of your tentacles grows a vicious spike.
The adder closely misses you.
The jackal bites you. x2; The adder bites you.
The jackal bites you but does no damage.
The adder closely misses you.
You barely miss the adder. Your grab misses the adder.
You tentacle-slap the adder.
The adder is moderately wounded.
The jackal misses you. The jackal completely misses you.
The adder closely misses you. The jackal bites you. The adder bites you.
The jackal closely misses you. The jackal bites you.
The jackal bites you but does no damage.
The adder bites you.
You are poisoned.
The adder poisons you! The adder barely misses you. The jackal misses you.
The jackal completely misses you. The jackal bites you.
You climb upwards.
You feel sick.
There is a stone staircase leading down here.
You tentacle-slap the jackal but do no damage.
Your grab misses the jackal.
You pierce the jackal.
You kill the jackal!
The adder bites you.
The jackal bites you. x2; The adder bites you.
* * * LOW HITPOINT WARNING * * *
You are more poisoned.
The adder poisons you!
You barely miss the adder. Your grab misses the adder.
Your tentacle spike misses the adder.
You feel sick. The adder bites you.
* * * LOW HITPOINT WARNING * * *
The jackal bites you.
* * * LOW HITPOINT WARNING * * *
The jackal barely misses you. The adder barely misses you.
The adder closely misses you.
Okay, then.
It was a potion of resistance.
You feel protected.
Your transformation is almost over.
The jackal closely misses you. The jackal barely misses you.
The adder misses you. The adder bites you but does no damage.
The jackal bites you.
* * * LOW HITPOINT WARNING * * *
The jackal closely misses you.
It was a potion of berserk rage.
A red film seems to cover your vision as you go berserk!
You feel yourself moving faster!
You feel mighty! The adder completely misses you. The adder closely misses you.
The jackal bites you but does no damage.
The jackal bites you.
* * * LOW HITPOINT WARNING * * *
The adder completely misses you.
You bludgeon the adder! Your grab misses the adder.
You kill the adder!
You feel sick. The jackal barely misses you. x2
You closely miss the adder. Your grab misses the adder.
The adder is moderately wounded.
The adder closely misses you. The jackal barely misses you.
The jackal bites you.
* * * LOW HITPOINT WARNING * * *
You closely miss the adder. You grab the adder.
You kill the adder!
The jackal bites you but does no damage.
The jackal bites you.
You die...

...###.............# #.##
#############.# #.# #.# #######
(.## ##### #.########......
...# ##...## #............###
<..#####.###.#####..#######.#.#
#........# #.....#[#.######.#.#
#.######.###...h†h..........#.#
..# ##...####@#...########.#
#.# ##### #†#..###### #.# #.#
#.........# #.# ..# ###..####.#
#.# #.# #..# #.# #.# #.# #..#
##.## #.# #.#### #..###...###.#
#....# #(..(........# #.##.#
##.###...#####


You could see 2 jackals.

Vanquished Creatures
  Jessica (D:2)
  4 adders (D:2)
  An adder skeleton (D:2)
  2 worms (D:2)
  A dart slug (D:1)
  A leopard gecko (D:2)
  4 ball pythons
  2 giant cockroaches (D:2)
  4 goblins
  4 hobgoblins
  9 jackals
  7 kobolds
  A quokka (D:2)
  7 bats
  3 frilled lizards
  6 rats
57 creatures vanquished.

Vanquished Creatures (collateral kills)
  Sigmund (D:2)
1 creature vanquished.

Grand Total: 58 creatures vanquished

Notes
Turn   | Place    | Note
-------+----------+-------------------------------------------
     0 | D:1      | Mgcat the Octopode Transmuter began the quest for the Orb.
     0 | D:1      | Reached XP level 1. HP: 13/13 MP: 3/3
   140 | D:1      | Reached skill level 1 in Stealth
   208 | D:1      | Reached XP level 2. HP: 11/18 MP: 3/5
   442 | D:1      | Reached skill level 2 in Stealth
   442 | D:1      | Reached XP level 3. HP: 19/24 MP: 6/6
  1104 | D:2      | Reached skill level 2 in Fighting
  1224 | D:2      | Noticed Jessica
  1299 | D:2      | Killed Jessica
  1299 | D:2      | Reached skill level 3 in Stealth
  1299 | D:2      | Reached XP level 4. HP: 23/30 MP: 5/7
  1475 | D:2      | Found a stormy altar of Qazlal.
  1708 | D:2      | Reached skill level 4 in Unarmed Combat
  1714 | D:2      | Noticed Sigmund
  1729 | D:2      | Learned a level 2 spell: Sticks to Snakes
  1733 | D:2      | Learned a level 3 spell: Spider Form
  1747 | D:2      | Killed Sigmund
  1747 | D:2      | Reached skill level 3 in Fighting
  1747 | D:2      | Reached skill level 4 in Stealth
  1747 | D:2      | Reached XP level 5. HP: 23/36 MP: 4/8
  1747 | D:2      | Reached XP level 6. HP: 27/42 MP: 4/9
  1966 | D:2      | HP: 8/42 [adder (3)]
  1970 | D:2      | HP: 2/63 [jackal (3)]
  1971 | D:2      | Slain by a jackal

Skill      XL: |  1  2  3  4 |
---------------+-------------+-----
Stealth        | 1 2 3 4 |  4.7
Fighting       | 2 3 |  3.4
Unarmed Combat | 4 |  4.5
Dodging        | |  2.0
Spellcasting   | |  2.0
Transmutations | |  2.0

Action                   |  1- 3 |  4- 6 || total
-------------------------+-------+-------++-------
Melee: Unarmed           |    76 |    45 ||   121
       Constrict         |    23 |    16 ||    39
       Kick              |    21 |     9 ||    30
       Tentacles         |    12 |     9 ||    21
       Punch             |       |     1 ||     1
 Cast: Beastly Appendage |    18 |    15 ||    33
       Sticks to Snakes  |       |     2 ||     2
  Use: Potion            |       |     2 ||     2
 Stab: Sleeping          |     5 |     7 ||    12
  Eat: Chunk             |     1 |     3 ||     4
Armor: Skin              |     8 |    11 ||    19
Dodge: Dodged            |    45 |    46 ||    91

Vault maps used:
D:1:      onia_arrival_mini_maze
D:2:      minmay_misc_feat_tower, nicolae_qazlal_general_emergency,
          uniq_jessica, uniq_sigmund

Table legend:
 A = Turns spent in this place as a percentage of turns spent in the entire game.
 B = Non-inter-level travel turns spent in this place as a percentage of non-inter-level travel turns spent in the entire game.
 C = Inter-level travel turns spent in this place as a percentage of turns spent in this place.
 D = Turns resting spent in this place as a percentage of non-inter-level travel turns spent in this place.
 E = Turns spent auto-exploring this place as a percentage of non-inter-level travel turns spent in this place.
 F = Non-inter-level travel turns spent in this place divided by the number of levels of this place that you've seen.
                   A       B       C       D       E      F
               +-------+-------+-------+-------+-------+----------------------
         Total | 100.0 | 100.0 |   4.3 |   0.0 |  76.7 | 628.7
       Dungeon | 100.0 | 100.0 |   4.3 |   0.0 |  76.7 | 628.7
               +-------+-------+-------+-------+-------+----------------------

Table legend:
 A = Kills in this place as a percentage of kills in entire the game.
 B = Kills by you in this place as a percentage of kills by you in the entire game.
 C = Kills by friends in this place as a percentage of kills by friends in the entire game.
 D = Other kills in this place as a percentage of other kills in the entire game.
 E = Experience gained in this place as a percentage of experience gained in the entire game.
 F = Experience gained in this place divided by the number of levels of this place that you have seen.
                   A       B       C       D       E      F
               +-------+-------+-------+-------+-------+----------------------
         Total | 100.0 | 100.0 | 100.0 |   N/A | 100.0 | 126.0
       Dungeon | 100.0 | 100.0 | 100.0 |   N/A | 100.0 | 126.0
               +-------+-------+-------+-------+-------+----------------------
